 Dungeon Crawl Stone Soup version 0.31-a0-210-gccc998df9b (webtiles) character file.

Game seed: 12306418973806597963

347 GilGalad the Covered (level 6, -5/56 HPs)
             Began as a Minotaur Fighter on June 30, 2023.
             Killed by divine providence
             ... invoked by an orc priest
              (11 damage)
             ... on level 3 of the Dungeon.
             The game lasted 00:04:49 (1956 turns).

GilGalad the Covered (Minotaur Fighter)             Turns: 1956, Time: 00:04:49

Health: -5/56      AC: 10    Str: 22    XL:     6   Next: 32%
Magic:  5/5        EV:  9    Int:  5    God:
Gold:   105        SH:  5    Dex: 10    Spells: 5/5 levels left

rFire   . . .        a - +0 war axe
rCold   . . .        c - +0 buckler
rNeg    . . .        b - +0 scale mail
rPois   .            (helmet restricted)
rElec   .            u - +2 cloak {Will+}
rCorr   .            (no gloves)
SInv    +            (no boots)
Will    +....        (no amulet) Stlth
                     o - ring of see invisible
HPRegen 0.29/turn    v - +4 ring of slaying
MPRegen 0.09/turn

%: no passive effects
@: mighty
A: horns 2, retaliatory headbutt
a: no special abilities


You were on level 3 of the Dungeon.
You visited 1 branch of the dungeon, and saw 3 of its levels.

You collected 105 gold pieces.

Inventory:

Hand Weapons
 a - a +0 war axe (weapon)
 g - a +0 sling
 p - a +0 dagger
Missiles
 i - 4 atropa-tipped darts (quivered)
 n - 38 stones
Armour
 b - a +0 scale mail (worn)
 c - a +0 buckler (worn)
 u - a +2 cloak of willpower (worn)
Jewellery
 o - a ring of see invisible (left hand)
 v - a +4 ring of slaying (right hand)
Scrolls
 e - a scroll of immolation {unknown}
 j - 2 scrolls of identify {unknown}
 t - 3 scrolls of teleportation {unknown}
 w - a scroll of revelation {unknown}
 x - 2 scrolls of enchant armour {unknown}
 y - 2 scrolls of fog {unknown}
Potions
 f - 2 potions of heal wounds {unknown}
 h - 2 potions of lignification {unknown}
 k - a potion of experience {unknown}
 l - a potion of berserk rage {unknown}
 m - 2 potions of cancellation {unknown}
 q - 2 potions of resistance {unknown}
 r - a potion of ambrosia {unknown}
 s - a potion of mutation {unknown}


   Skills:
 + Level 5.3 Fighting
 + Level 4.5 Axes
 + Level 5.3 Armour
 + Level 5.2 Shields


You had 5 spell levels left.
You didn't know any spells.
Your spell library contained the following spells:

 Spells                   Type           Power      Damage    Failure   Level
 Kiss of Death            Conj/Necr      0%         2d5       85%         1
 Necrotise                Necr           0%         1d4       85%         1


Dungeon Overview and Level Annotations

Branches:
Dungeon (3/15)

Altars:
The Shining One

Shops:
D:2 (:[

Annotations:
D:3 2 runed translucent doors, ZoeForever1's ghost, amateur DrTm


Innate Abilities, Weirdness & Mutations

You have a pair of horns on your head.
You reflexively headbutt those who attack you in melee.


Message History

The orc priest hits you with a +0 short sword of speed.
You hit the orc priest.
The orc priest is lightly wounded.
You closely miss the orc.
The orc grunts loudly, in orcish tradition.
The orc priest closely misses you. The orc hits you but does no damage.
The orc priest barely misses you. You block the orc's attack.
You closely miss the orc priest. Your headbutt misses the orc priest.
The orc priest is lightly wounded.
You closely miss the orc.
The orc priest hits you but does no damage. x2
The orc hits you with a +0 club.
You hit the orc priest but do no damage.
The orc priest is lightly wounded.
You hit the orc.
The orc priest hits you with a +0 short sword of speed.
You block the orc's attack.
The orc priest calls down the wrath of Beogh upon you.
Beogh smites you!
You are too injured to fight recklessly!
The orc priest attacks as you move away!
The orc priest hits you with a +0 short sword of speed.
You closely miss the orc.
The orc is heavily wounded.
The orc hits you with a +0 club.
The orc priest calls down the wrath of Beogh upon you.
Beogh smites you!
* * * LOW HITPOINT WARNING * * *
The orc barely misses you. The orc attacks as you move away!
The orc hits you but does no damage.
The orc priest invokes the aid of Beogh against you.
Beogh smites you!
* * * LOW HITPOINT WARNING * * *
You feel very mighty all of a sudden. The orc hits you but does no damage.
You slash the orc!
You kill the orc!
The orc priest calls down the wrath of Beogh upon you.
Beogh smites you!
You die...

################
#..............#
#.############.#
##.# #.# ##.##
#@# ..## #)#
#### .#.##
.W~.#. #o# ...
### ..#.#
#...≈.#
#.###.#.....
....# .⌠.#§.#
#o...o..# ..###
...~≈..
#####..##
.#.#####++###
..#
............#
..#
.#.###......#
.##


You could see an orc priest and an orc.

Vanquished Creatures
  Sigmund (D:2)
  Crazy Yiuf (D:2)
  Jessica (D:2)
  Terence (D:2)
  Robin (D:2)
  2 adders (D:2)
  4 dart slugs
  3 orcs (D:3)
  9 bats
  5 endoplasms
  9 goblins
  5 hobgoblins
  6 jackals
  2 quokkas
  5 ball pythons
  2 frilled lizards
  3 kobolds (D:3)
  7 rats
67 creatures vanquished.

Notes
Turn   | Place    | Note
-------+----------+-------------------------------------------
     0 | D:1      | GilGalad the Minotaur Fighter began the quest for the Orb.
     0 | D:1      | Reached XP level 1. HP: 19/19 MP: 0/0
    47 | D:1      | Reached XP level 2. HP: 21/27 MP: 1/1
   427 | D:1      | Reached XP level 3. HP: 33/33 MP: 2/2
   541 | D:2      | Noticed an animated pearl dragon scales
   541 | D:2      | Noticed an animated plate armour
   541 | D:2      | Found Huxteunu's Armour Boutique.
   563 | D:2      | Noticed Terence
   649 | D:2      | Found Elost's Book Shop.
   706 | D:2      | Found a glowing golden altar of the Shining One.
   731 | D:2      | Found Qalinare's Weapon Boutique.
   765 | D:2      | Noticed Robin
   768 | D:2      | Killed Robin
   772 | D:2      | Reached XP level 4. HP: 40/41 MP: 3/3
   843 | D:2      | Found a runed translucent door.
   844 | D:2      | Noticed Crazy Yiuf
   912 | D:2      | Killed Terence
   924 | D:2      | Noticed Sigmund
   929 | D:2      | Found a faded altar of an unknown god.
   934 | D:2      | Killed Sigmund
   935 | D:2      | Reached skill level 5 in Fighting
   935 | D:2      | Reached skill level 5 in Armour
   935 | D:2      | Reached skill level 5 in Shields
   935 | D:2      | Reached XP level 5. HP: 40/48 MP: 4/4
  1052 | D:2      | Reached XP level 6. HP: 56/56 MP: 5/5
  1108 | D:2      | Noticed Jessica
  1116 | D:2      | Killed Jessica
  1126 | D:2      | Got Jessica's Spellbook of the Grave
  1356 | D:2      | Killed Crazy Yiuf
  1412 | D:3      | Noticed ZoeForever1's ghost (amateur DrTm)
  1412 | D:3      | Found a large runed translucent door.
  1412 | D:3      | Found a large runed translucent door.
  1956 | D:3      | Killed from afar by an orc priest

Illustrated notes

Levels and vault maps discovered:
D:1:      dpeg_arrival_shrine, layout_rooms, corexii_hall_statues_u
D:2:      layout_basic, basic_altar, chequers_ecumenical_altar_simple,
          serial_shops, nicolae_shop_tiny_waterfront, nicolae_shop_waterfront,
          nicolae_shop_mannequins, kennysheep_jessica_study, uniq_terence,
          uniq_sigmund, uniq_crazy_yiuf_cottage, uniq_robin
D:3:      layout_loops_ring, ebering_ghost_disaster_area, minivault_27

Skill      XL: |  1  2  3  4 |
---------------+-------------+-----
Armour         | 4 5 |  5.3
Fighting       | 4 5 |  5.3
Shields        | 4 5 |  5.2
Axes           | 3 4 |  4.5

Action                     |  1- 3 |  4- 6 || total
---------------------------+-------+-------++-------
  Melee: War axe           |    75 |    55 ||   130
         Headbutt          |     8 |    10 ||    18
  Throw: Dart              |       |     1 ||     1
    Use: Potion            |       |     1 ||     1
 Armour: Scale mail        |    43 |    22 ||    65
  Dodge: Dodged            |    57 |    19 ||    76
  Block: Buckler           |    26 |    15 ||    41

Table legend: (Time is in decaauts)
 A = Elapsed time spent in this place.
 B = Non-inter-level travel time spent in this place.
 C = Inter-level travel time spent in this place.
 D = Time resting spent in this place.
 E = Time spent auto-exploring this place.
 F = Levels seen in this place.
 G = Mean time per level.
                   A        B        C        D        E       F      G
               +--------+--------+--------+--------+--------+-----+--------+
         Total |   2001 |   1865 |    136 |     11 |   1455 |   3 |  667.0 |
       Dungeon |   2001 |   1865 |    136 |     11 |   1455 |   3 |  667.0 |
               +--------+--------+--------+--------+--------+-----+--------+

Top non-repeatable levels by time:
     D:2: 817 daAuts
     D:1: 632 daAuts
     D:3: 551 daAuts
